 Dungeon Crawl Stone Soup version 0.31-a0-691-g409c26aa35 (webtiles) character file.

Game seed: 2941144038385014170

30216 arthad the Grappler (level 13, 0/117 HPs)
             Began as a Troll Shapeshifter on Sept 6, 2023.
             Was a Priest of Hepliaklqana.
             Slain by a cyan ugly thing (15 damage)
             ... on level 14 of the Dungeon.
             The game lasted 00:19:29 (11250 turns).

arthad the Grappler (Troll Shapeshifter)           Turns: 11250, Time: 00:19:30

Health: 0/117      AC:  9    Str: 29    XL:     13   Next: 19%
Magic:  0/14       EV: 12    Int:  6    God:    Hepliaklqana [***...]
Gold:   1129       SH:  0    Dex:  9    Spells: 12/12 levels left

rFire   . .          .
                       - Unarmed
rCold   . . .        (no shield)
rNeg    . . .        C - +1 robe {Will+}
rPois   .            (helmet currently unavailable)
rElec   .            (cloak currently unavailable)
rCorr   .            (gloves unavailable)
SInv    .            (boots unavailable)
Will    +....        p - amulet of guardian spirit
Stlth   ++           z - +4 ring of protection
HPRegen 1.19/turn    (no ring)
MPRegen 0.14/turn

%: guardian spirit
@: beast-form, studying Dodging
A: beast (slay +4), reduced essence, large, unfitting armour, claws 3,
regeneration 1, shaggy fur 1, tough skin 1
a: Begin Untransformation, Renounce Religion, Recall Ancestor, Ancestor
Identity, Transference


You were on level 14 of the Dungeon.
You worshipped Hepliaklqana.
Hepliaklqana was most pleased with you.
You were a hulking beast.
You visited 2 branches of the dungeon, and saw 15 of its levels.
You also visited: Bailey.

You collected 1234 gold pieces.
You spent 105 gold pieces at shops.

Inventory:

Hand Weapons
 e - a +2 hand axe of flaming
 j - the +6 Majin-Bo {spellvamp, MP+6 Int+6}
   (You found it in a bailey)

   Int+6:     It affects your intelligence (+6).
   MP+6:      It affects your magic capacity (+6).
 o - the +7 mace "Moro" {flame, Contam rN+ Str+2 Int+2}
   (You found it on level 2 of the Dungeon)

   Str+2:     It affects your strength (+2).
   Int+2:     It affects your intelligence (+2).
   rN+:       It protects you from negative energy.
   Contam:    It causes magical contamination when unequipped.
 y - the +1 trident of the Bedazzling Owl {freeze, Str+2}
   (You found it on level 5 of the Dungeon)

   Str+2:     It affects your strength (+2).
 F - a +4 scimitar of flaming
 P - a +0 broad axe of electrocution
Missiles
 M - 14 large rocks
 W - 7 javelins
Armour
 a - a +0 animal skin
 C - a +1 robe of willpower (worn)
 G - the +0 ring mail of Ybies {Fly rCorr}
   (You found it on level 8 of the Dungeon)

   Fly:       It grants you flight.
   rCorr:     It protects you from acid and corrosion.
 J - the +5 robe of Misfortune {Harm *Corrode *Slow EV+5}
   (You found it on level 9 of the Dungeon)

   EV+5:      It affects your evasion (+5).
   *Corrode:  It may corrode you when you take damage.
   *Slow:     It may slow you when you take damage.
   Harm:      It increases damage dealt and taken.
 L - a +0 cloak
Jewellery
 p - an amulet of guardian spirit (around neck)
 z - a +4 ring of protection (left claw)
 E - a ring of magical power
 N - a ring of protection from fire
Talismans
 c - a beast talisman (active)
 d - a flux talisman
Wands
 u - a wand of paralysis (3)
 w - a wand of light (12)
 I - a wand of polymorph (6)
 X - a wand of flame (2)
Scrolls
 h - 5 scrolls of revelation
 k - 4 scrolls of enchant weapon
 n - 2 scrolls of fog {unknown}
 q - a scroll of teleportation
 r - 2 scrolls of immolation
 s - 11 scrolls of identify
 v - 2 scrolls of blinking {unknown}
 x - 2 scrolls of butterflies
 K - a scroll of silence {unknown}
 O - 2 scrolls of enchant armour {unknown}
 R - a scroll of noise {unknown}
 V - a scroll of amnesia {unknown}
 Y - a scroll of fear {unknown}
Potions
 b - 3 potions of lignification
 f - 2 potions of heal wounds
 g - 2 potions of attraction
 i - a potion of enlightenment
 l - a potion of mutation {unknown}
 t - a potion of haste {unknown}
 A - 4 potions of curing {unknown}
 B - 2 potions of degeneration {unknown}
 D - 2 potions of ambrosia {unknown}
 H - 3 potions of might {unknown}
 Q - 2 potions of magic {unknown}
 S - 2 potions of brilliance {unknown}


   Skills:
 * Level 9.0 Fighting
 + Level 1.7 Throwing
 * Level 10.5 Dodging
 + Level 4.7 Stealth
 * Level 11.1 Unarmed Combat
 * Level 2.7 Invocations
 * Level 10.3 Shapeshifting


You had 12 spell levels left.
You didn't know any spells.
Your spell library contained the following spells:

 Spells                   Type           Power      Damage    Failure   Level
 Apportation              Tloc           0%         N/A       45%         1
 Kiss of Death            Conj/Necr      0%         2d5       45%         1
 Necrotise                Necr           0%         1d4       45%         1
 Summon Small Mammal      Summ           0%         N/A       45%         1
 Lesser Beckoning         Tloc           0%         N/A       58%         2
 Static Discharge         Conj/Air       0%         2-2/arc   58%         2
 Call Canine Familiar     Summ           0%         N/A       83%         3
 Confusing Touch          Hex            0%         N/A       83%         3
 Gell's Gravitas          Tloc           0%         N/A       83%         3
 Portal Projectile        Hex/Tloc       0%         N/A       83%         3
 Teleport Other           Tloc           0%         N/A       83%         3
 Volatile Blastmotes      Fire/Tloc      0%         2d10      83%         3
 Airstrike                Air            0%         2d(0-16)  99%         4
 Dispel Undead            Necr           0%         3d6       99%         4
 Fulminant Prism          Conj/Hex       0%         3d5       99%         4
 Iskenderun's Mystic Bla  Conj/Tloc      0%         2d3       99%         4
 Leda's Liquefaction      Hex/Erth       0%         N/A       99%         4
 Summon Lightning Spire   Summ/Air       0%         N/A       99%         4


Dungeon Overview and Level Annotations

Branches:
Dungeon (14/15)            Temple (1/1) D:6            Lair (0/5) D:8
    Orc (0/2) D:11         Vaults (0/5) D:13         Bailey (visited)

Altars:
Ashenzari
Cheibriados
Dithmenos
Elyvilon
Fedhas
Gozag
Hepliaklqana
Kikubaaqudgha
Makhleb
Nemelex Xobeh
Okawaru
Qazlal
Ru
Sif Muna
Trog
Uskayaw
Vehumet
Wu Jian
Xom
Yredelemnul
Zin
The Shining One

Shops:
D:8 =   D:10 [   D:14 *


Innate Abilities, Weirdness & Mutations

You are a hulking beast.
Your limbs bulge with bestial killing power. (Slay +4)
Your life essence is reduced to manifest your ancestor. (-10% HP)
You are too large for most types of armour.
You have claws for hands.
Your natural rate of healing is unusually fast.
You are covered in fur. (AC +1)
You have tough skin. (AC +1)


Message History

Dejan gestures at the green ugly thing while chanting.
The puff of frost hits the green ugly thing.
You mangle the green ugly thing!!
The green ugly thing is severely wounded.
The centaur shoots an arrow.
The arrow hits you. The cyan ugly thing trunk-slaps you!
The cyan ugly thing shocks you!
The deep elf pyromancer hits you with a +0 long sword.
Dejan barely misses the green ugly thing.
You are too injured to fight recklessly!
You are too injured to fight recklessly!
You are too injured to fight recklessly!
You are too injured to fight recklessly!
You are too injured to fight recklessly!
You are too injured to fight recklessly!
You are too injured to fight recklessly!
You are too injured to fight recklessly!
You are too injured to fight recklessly!
You are too injured to fight recklessly!
You are too injured to fight recklessly!
You are too injured to fight recklessly!
You are too injured to fight recklessly!
You are too injured to fight recklessly!
Welcome back, arthad the Troll Shapeshifter.
Hepliaklqana says: Your past becomes your present!
Press ? for a list of commands and other information.
Okay, then.
As you read the scroll labelled WEDOLU ACKOCOU, it crumbles to dust.
It is a scroll of brand weapon.
Your +0 broad axe crackles with electricity.
P - a +0 broad axe of electrocution The centaur shoots an arrow.
The arrow misses you.
The arrow hits the cyan ugly thing.
The cyan ugly thing basks in the mutagenic energy from its kin and changes!
The green ugly thing gores you! The red ugly thing claws you!
You are engulfed in flames!
* * * LOW HITPOINT WARNING * * *
The cyan ugly thing trunk-slaps you!
* * * LOW HITPOINT WARNING * * *
The cyan ugly thing shocks you!
You die...

.................
..#####............
. #. #.<..........
..## #.
##...........
^...##. ##.....#....
#.#..#.###
............
#...uu...#
#....######.#
#.u.uue# #....# #.#
#uh.# ##.### #.#
#.R.####.### #..
#.....##.#.########
#.##.....#...#....#
#. #c##....#......#
#. #.##^..........#
##.##.#..######....)
#........# #....)
####.#.#.##.#
##....#


You could see the friendly Dejan the battlemage, 6 ugly things, a deep elf
pyromancer and a centaur.

Vanquished Creatures
  A hydra (D:13)
  A boulder beetle (D:12)
  4 centaur warriors
  6 two-headed ogres
  Erica (D:8)
  An orc high priest (Bailey)
  Sonja (D:10)
  A deep elf pyromancer (D:13)
  2 cyclopes
  An ugly thing (D:12)
  A salamander (shapeshifter) (D:14)
  An unseen horror (D:11)
  Jeremiah (D:7)
  4 gargoyles
  Psyche (D:8)
  A kobold demonologist (Bailey)
  8 trolls
  4 meliai
  Grinder (D:3)
  6 slime creatures (D:14)
  A culicivora (shapeshifter) (D:13)
  2 wraiths (D:10)
  A vampire (D:9)
  16 yaks
  A wyvern (D:10)
  4 humans (D:8)
  A golden eye (D:8)
  4 vampire mosquitoes (D:12)
  2 steam dragons (D:8)
  2 water moccasins
  An ice beast (D:6)
  15 orc warriors
  A sky beast (D:6)
  11 centaurs
  2 ogres
  A phantom (D:5)
  2 kobold brigands (D:8)
  3 bullfrogs
  Blork the orc (D:5)
  2 scorpions
  3 wights (D:5)
  5 howler monkeys
  An electric eel (D:7)
  13 hounds
  10 orc priests
  A jelly (D:8)
  2 iguanas (D:4)
  A sleepcap (D:7)
  19 orc wizards
  A gnoll (Bailey)
  5 adders
  3 shadow imps
  A white imp (D:6)
  2 ufetubi
  3 dart slugs
  53 orcs
  4 ball pythons
  A bat zombie (D:8)
  8 endoplasms
  2 giant cockroaches
  9 goblins
  9 hobgoblins
  4 jackals
  7 quokkas
  4 bats
  4 frilled lizards
  11 kobolds
  A rat (D:3)
  3 rat zombies (D:8)
310 creatures vanquished.

Vanquished Creatures (collateral kills)
  A hydra (D:13)
  A two-headed ogre (D:12)
  2 slime creatures (D:13)
  A cyclops (D:11)
  3 gargoyles
  An efreet (D:14)
  A merfolk (shapeshifter) (D:14)
  3 orc warriors (Bailey)
  A centaur (D:14)
  2 electric eels (Bailey)
  3 howler monkeys
  3 orc priests
  An orc wizard (D:12)
  2 gnolls (Bailey)
  5 orcs
  3 goblins (Bailey)
  A hobgoblin (Bailey)
34 creatures vanquished.

Vanquished Creatures (others)
  2 battlemagi
2 creatures vanquished.

Grand Total: 346 creatures vanquished

Notes
Turn   | Place    | Note
-------+----------+-------------------------------------------
     0 | D:1      | arthad the Troll Shapeshifter began the quest for the Orb.
     0 | D:1      | Reached XP level 1. HP: 18/18 MP: 0/0
    63 | D:1      | Reached skill level 1 in Fighting
   101 | D:1      | Reached XP level 2. HP: 23/27 MP: 1/1
   490 | D:2      | Reached XP level 3. HP: 33/33 MP: 2/2
   713 | D:2      | Identified the +7 mace "Moro" {flame, Contam rN+ Str+2
                  | Int+2}
   752 | D:2      | Reached XP level 4. HP: 42/42 MP: 3/3
   846 | D:3      | Found an ornate altar of the Wu Jian Council.
   880 | D:3      | Noticed Grinder
   887 | D:3      | Killed Grinder
   888 | D:3      | Reached skill level 4 in Unarmed Combat
   888 | D:3      | Reached XP level 5. HP: 30/49 MP: 2/4
   888 | D:3      | Reached XP level 6. HP: 34/57 MP: 2/5
  1644 | D:4      | Reached skill level 1 in Stealth
  2410 | D:5      | Entered Level 5 of the Dungeon
  2486 | D:5      | Reached XP level 7. HP: 66/66 MP: 6/6
  2682 | D:5      | Reached skill level 5 in Unarmed Combat
  2753 | D:5      | Noticed Blork the orc
  2765 | D:5      | Killed Blork the orc
  2899 | D:5      | Reached XP level 8. HP: 75/75 MP: 7/7
  2974 | D:5      | Reached skill level 5 in Shapeshifting
  3300 | D:5      | Identified the +1 trident of the Bedazzling Owl {freeze,
                  | Str+2}
  3568 | D:6      | Found a shadowy altar of Dithmenos.
  3598 | D:6      | Found a glowing silver altar of Zin.
  3802 | D:6      | Reached skill level 6 in Unarmed Combat
  3962 | D:6      | Found a staircase to the Ecumenical Temple.
  4103 | Temple   | Entered the Ecumenical Temple
  4174 | Temple   | Became a worshipper of Hepliaklqana the Forgotten
  4345 | D:7      | Reached XP level 9. HP: 46/85 MP: 3/8
  4446 | D:7      | Found a burning altar of Makhleb.
  4468 | D:7      | Noticed Jeremiah
  4596 | D:7      | Reached skill level 5 in Dodging
  4639 | D:7      | Found a sparkling altar of Nemelex Xobeh.
  4728 | D:7      | Killed Jeremiah
  5111 | D:8      | Found a staircase to the Lair.
  5116 | D:8      | Reached skill level 5 in Fighting
  5229 | D:8      | Noticed Erica
  5237 | D:8      | Killed Erica
  5238 | D:8      | Reached skill level 7 in Unarmed Combat
  5262 | D:8      | Identified the +0 ring mail of Ybies {Fly rCorr}
  5422 | D:8      | Reached XP level 10. HP: 82/95 MP: 7/9
  5490 | D:8      | Noticed Psyche
  5565 | D:8      | Killed Psyche
  5572 | D:8      | Reached skill level 8 in Unarmed Combat
  5664 | D:8      | Reached * piety under Hepliaklqana
  5765 | D:8      | Noticed a two-headed ogre
  5772 | D:8      | Killed a two-headed ogre
  5834 | D:8      | Found Onue's Jewellery Boutique.
  5961 | D:8      | Found an ancient bone altar of Kikubaaqudgha.
  6039 | D:9      | Noticed a two-headed ogre
  6045 | D:9      | Killed a two-headed ogre
  6080 | D:9      | Found the +5 robe of Misfortune {Harm *Corrode *Slow EV+5}
  6153 | D:9      | Found a radiant altar of Vehumet.
  6230 | D:9      | Noticed a two-headed ogre
  6243 | D:9      | Killed a two-headed ogre
  6244 | D:9      | Reached XP level 11. HP: 70/96 MP: 6/10
  6587 | D:9      | Reached ** piety under Hepliaklqana
  6588 | D:9      | Remembered your ancestor Dejan as a battlemage
  6731 | D:10     | Entered Level 10 of the Dungeon
  6799 | D:10     | Noticed Sonja
  6812 | D:10     | Killed Sonja
  6815 | D:10     | Reached skill level 9 in Unarmed Combat
  6919 | D:10     | Found a flagged portal.
  6939 | D:10     | Found Buroeham's Armour Shop.
  6987 | Bailey   | Entered a bailey
  7113 | Bailey   | Found an iron altar of Okawaru.
  7116 | Bailey   | Noticed an orc high priest
  7126 | Bailey   | Killed an orc high priest
  7174 | Bailey   | Found the +6 Majin-Bo {spellvamp, MP+6 Int+6}
  7322 | Bailey   | Acquired a manual of Dodging
  8070 | D:10     | Reached *** piety under Hepliaklqana
  8343 | D:11     | Noticed a two-headed ogre
  8349 | D:11     | Killed a two-headed ogre
  8498 | D:11     | Found a staircase to the Orcish Mines.
  8531 | D:11     | Noticed a two-headed ogre
  8537 | D:11     | Killed a two-headed ogre
  8538 | D:11     | Reached XP level 12. HP: 87/107 MP: 9/11
  8773 | D:11     | Noticed a two-headed ogre
  8778 | D:11     | Killed a two-headed ogre
  8779 | D:11     | Reached skill level 10 in Unarmed Combat
  9191 | D:12     | Noticed a boulder beetle
  9214 | D:12     | Killed a boulder beetle
  9502 | D:12     | Noticed a two-headed ogre
  9507 | D:12     | Killed a two-headed ogre
 10167 | D:13     | Noticed a centaur warrior
 10172 | D:13     | Killed a centaur warrior
 10205 | D:13     | Reached skill level 1 in Invocations
 10317 | D:13     | Reached skill level 10 in Dodging
 10317 | D:13     | Reached skill level 10 in Shapeshifting
 10329 | D:13     | Noticed a five-headed hydra
 10335 | D:13     | Killed a one-headed hydra
 10336 | D:13     | Reached skill level 1 in Throwing
 10395 | D:13     | Noticed a six-headed hydra
 10401 | D:13     | Killed a three-headed hydra
 10686 | D:13     | Found a gate to the Vaults.
 10983 | D:14     | Noticed a centaur warrior
 10984 | D:14     | Noticed a centaur warrior
 10993 | D:14     | Killed a centaur warrior
 10994 | D:14     | Reached XP level 13. HP: 83/117 MP: 9/13
 11050 | D:14     | Found Riblun's Assorted Antiques.
 11065 | D:14     | Reached skill level 11 in Unarmed Combat
 11184 | D:14     | Bought a bubbling sapphire potion for 24 gold pieces
 11184 | D:14     | Bought a scroll of teleportation for 81 gold pieces
 11250 | D:14     | Slain by a cyan ugly thing

Illustrated notes

Levels and vault maps discovered:
D:1:      lemuel_arrival_room, layout_rooms
D:2:      layout_basic
D:3:      wad_woods_stonehenge, layout_basic, uniq_grinder
D:4:      layout_basic
D:5:      nicolae_cairo_tiling_large, layout_basic, uniq_blork_the_orc
D:6:      layout_basic, grunt_dithmenos_shadows,
          mainiacjoe_overflow_concentric_impassable, temple_fountains,
          nicolae_twisty_statue_hallways
D:7:      layout_rooms, nemelex_diamond_rough_becter,
          makhleb_blood_cavern_becter, water_boxes_lemuel, uniq_jeremiah
D:8:      erik_cavepeople, layout_rooms, lemuel_zombie_altar_kikubaaqudgha,
          serial_shops, nicolae_shop_tiny_glass, uniq_erica
D:9:      layout_irregular_city, lemuel_doored_altar
D:10:     minmay_slanted_spiral_squares, layout_irregular_city, serial_shops,
          nicolae_take_the_stairs, enter_bailey_8, uniq_sonja
D:11:     layout_roguey [special_room_orc], david_orc_3
D:12:     layout_loops_ring
D:13:     layout_basic, hellmonk_vaults_attempted_burglary,
          nicolae_eternal_life, chequers_mini_garden,
          amcnicky_mini_corridor_feature
D:14:     layout_rooms, serial_shops, shop, grunt_decor_clamped
Temple:   minmay_temple_bridge_d

Skill      XL: |  1  2  3  4  5  6  7  8  9 10 11 12 13 |
---------------+----------------------------------------+-----
Fighting       | 1 2 3 4 5 6 7 8 9 |  9.0
Dodging        | 2 3 4 5 6 8 10 | 10.5
Unarmed Combat | 4 5 6 7 8 9 10 11 | 11.1
Shapeshifting  | 4 5 6 8 9 10 | 10.3
Stealth        | 1 2 3 4 |  4.7
Invocations    | 2 |  2.7
Throwing       | 1 |  1.7

Action                     |  1- 3 |  4- 6 |  7- 9 | 10-12 | 13-15 || total
---------------------------+-------+-------+-------+-------+-------++-------
  Melee: Unarmed           |    71 |    90 |   268 |   364 |    41 ||   834
         Punch             |     2 |     2 |     5 |    23 |     4 ||    36
         Scimitar          |       |       |       |     7 |       ||     7
 Invoke: Ancestor Life: Ba |       |       |       |     1 |       ||     1
         Recall Ancestor   |       |       |       |     1 |       ||     1
  Evoke: Wand              |       |       |     6 |     1 |     2 ||     9
    Use: Potion            |       |       |       |     6 |     1 ||     7
         Scroll            |       |       |       |     9 |     4 ||    13
   Stab: Sleeping          |       |     2 |     4 |     4 |       ||    10
         Distracted        |       |       |     1 |     1 |       ||     2
         Invisible         |       |       |     1 |       |       ||     1
         Petrified         |       |       |       |     3 |       ||     3
         Confused          |       |       |       |     1 |       ||     1
 Armour: Animal skin       |    47 |    50 |   123 |       |       ||   220
         Robe              |       |       |   101 |   341 |    60 ||   502
         Skin              |       |       |     4 |       |       ||     4
  Dodge: Dodged            |    34 |    37 |   117 |   217 |    24 ||   429

Table legend: (Time is in decaauts)
 A = Elapsed time spent in this place.
 B = Non-inter-level travel time spent in this place.
 C = Inter-level travel time spent in this place.
 D = Time resting spent in this place.
 E = Time spent auto-exploring this place.
 F = Levels seen in this place.
 G = Mean time per level.
                   A        B        C        D        E       F      G
               +--------+--------+--------+--------+--------+-----+--------+
         Total |  11153 |  10618 |    535 |    195 |   8417 |  16 |  697.1 |
       Dungeon |  10377 |   9978 |    399 |    195 |   7956 |  14 |  741.2 |
        Temple |    143 |      7 |    136 |      0 |      0 |   1 |  143.0 |
        Bailey |    631 |    631 |      0 |      0 |    461 |   1 |  631.0 |
               +--------+--------+--------+--------+--------+-----+--------+

Top non-repeatable levels by time:
    D:13: 975 daAuts
     D:5: 949 daAuts
    D:10: 945 daAuts
     D:6: 887 daAuts
    D:11: 860 daAuts
     D:8: 856 daAuts
     D:3: 820 daAuts
    D:12: 774 daAuts
     D:4: 768 daAuts
     D:9: 737 daAuts
     D:7: 698 daAuts
  Bailey: 631 daAuts
     D:2: 436 daAuts
     D:1: 372 daAuts
    D:14: 294 daAuts
